 Dungeon Crawl Stone Soup version 0.17.1-1-g73c8601 (webtiles) character file.

135 ricardofg the Magician (level 5, -2/42 HPs)
             Began as a Gargoyle Fire Elementalist on Apr 26, 2016.
             Slain by Sigmund
             ... wielding a +0 scythe of flaming
              (3 damage)
             ... on level 3 of the Dungeon.
             The game lasted 00:07:40 (2637 turns).

ricardofg the Magician (Gargoyle Fire Elementalist) Turns: 2637, Time: 00:07:40

Health: -2/42      AC: 22    Str: 11    XL:     5   Next: 18%
Magic:  10/10      EV:  2    Int: 17    God:
Gold:   32         SH:  0    Dex: 10    Spells: 1 memorised, 8 levels left

rFire  . . .     SeeInvis .     m - +1 short sword (venom)
rCold  . . .     Clarity  .     (armour currently unavailable)
rNeg   + + +     SustAt   .     (no shield)
rPois  ∞         Gourm    .     (helmet currently unavailable)
rElec  .         Spirit   .     (cloak currently unavailable)
rCorr  .         Warding  .     (gloves currently unavailable)
rMut   .         NoTele   +     (boots currently unavailable)
MR     .....                    (no amulet)
Stlth  ++........               (no ring)
                                s - ring of poison resistance

@: tree-form, not resistant to hostile enchantments, unstealthy
A: negative energy resistance 1, (electricity resistance), (unbreathing),
petrification resistance, rot immunity, AC +4
a: no special abilities


You were on level 3 of the Dungeon.
You were not hungry.
You were a tree.
You visited 1 branch of the dungeon, and saw 3 of its levels.

You collected 32 gold pieces.

Inventory:

Hand Weapons
 h - a +0 whip
 m - a +1 short sword of venom (weapon)
Armour
 a - a +0 robe (melded)
Jewellery
 s - a ring of poison resistance (left branch)
Scrolls
 i - a scroll of noise
 o - a scroll of remove curse {unknown}
 p - a scroll of enchant armour {unknown}
 q - a scroll of fear {unknown}
Books
 b - a book of Flames

   Spells                             Type                      Level
   a - Flame Tongue                   Conjuration/Fire             1
   b - Throw Flame                    Conjuration/Fire             2
   c - Conjure Flame                  Conjuration/Fire             3
   d - Inner Flame                    Hexes/Fire                   3
   e - Sticky Flame                   Conjuration/Fire             4
   f - Fireball                       Conjuration/Fire             5
Comestibles
 c - 2 bread rations
 d - 2 slices of pizza
 g - a meat ration
 k - 3 fruits
 l - a chunk of flesh


   Skills:
 - Level 1.5 Dodging
 - Level 2.1 Stealth
 * Level 3.9 Spellcasting
 + Level 2.8 Conjurations
 + Level 3.4 Fire Magic


You had 8 spell levels left.
You knew the following spells:

 Your Spells              Type           Power        Failure   Level  Hunger
b - Conjure Flame         Conj/Fire      ##......     14%         3    ###....


Dungeon Overview and Level Annotations

Branches:
Dungeon (3/15)

Altars:
Elyvilon

Annotations:
D:3 Ijyb, Sigmund


Innate Abilities, Weirdness & Mutations

You are resistant to torment.
((Your stone body is resilient (AC +4).))
You are immune to poison.
You resist negative energy.
((You are resistant to electric shocks.))
((You can survive without breathing.))
You are immune to petrification.
You are immune to rotting.


Message History

It was a scroll of random uselessness.
Sigmund casts a spell at you.
Helpless, you fail to dodge the puff of flame.
Ijyb hits you but does no damage.
Sigmund hits you with a scythe of flaming.
* * * LOW HITPOINT WARNING * * *
Sigmund burns you.
* * * LOW HITPOINT WARNING * * *
Read which item? (? for menu, Esc to quit)
As you read the scroll labeled OBRIPN RUMUNILARR, it crumbles to dust.
Forget which spell ([?*] list [ESC] exit)?
Forget which spell ([?*] list [ESC] exit)?
You don't know that spell.
Forget which spell ([?*] list [ESC] exit)?
Your memory of Flame Tongue unravels.
It was a scroll of amnesia.
Ijyb barely misses you.
Sigmund hits you with a scythe of flaming.
* * * LOW HITPOINT WARNING * * *
Sigmund burns you.
You die...

##########
#........#
.......b.#
.....bb@.######
##.....bbg♣.......
#...#....bb.......
....###.##.#......
#.#.. # #........
#... #########
#..# #..# ###<.#
##....#


You could see Sigmund and Ijyb.

Vanquished Creatures
  Natasha (twice) (D:3)
  3 adders
  2 oozes
  3 worms (D:2)
  6 bats
  6 goblins
  4 hobgoblins
  A quokka (D:2)
  4 giant cockroaches
  6 giant geckos
  A giant newt (D:1)
  7 kobolds
  17 rats
62 creatures vanquished.

Notes
Turn   | Place    | Note
--------------------------------------------------------------
     0 | D:1      | ricardofg the Gargoyle Fire Elementalist began the quest for the Orb.
     0 | D:1      | Reached XP level 1. HP: 10/10 MP: 3/3
    88 | D:1      | Reached XP level 2. HP: 13/15 MP: 5/5
   561 | D:1      | You fall through a shaft!
   606 | D:1      | Reached XP level 3. HP: 12/19 MP: 3/7
   901 | D:1      | Learned a level 3 spell: Conjure Flame
  1580 | D:1      | Reached XP level 4. HP: 24/24 MP: 8/8
  2305 | D:2      | Found a white marble altar of Elyvilon.
  2567 | D:3      | Noticed Natasha
  2573 | D:3      | Killed Natasha
  2573 | D:3      | Reached XP level 5. HP: 18/28 MP: 7/10
  2575 | D:3      | Noticed Natasha
  2579 | D:3      | Killed Natasha
  2627 | D:3      | Noticed Ijyb
  2627 | D:3      | Noticed Sigmund
  2637 | D:3      | HP: 1/42 [Sigmund/scythe of flaming (6)]
  2637 | D:3      | Slain by Sigmund

Action                   |  1- 3 |  4- 6 || total
-------------------------+-------+-------++-------
Melee: Unarmed           |    71 |       ||    71
       Whip              |    38 |    11 ||    49
       Short sword       |       |    54 ||    54
 Cast: Flame Tongue      |    23 |    13 ||    36
  Use: Scroll            |       |     3 ||     3
       Potion            |       |     2 ||     2
 Stab: Sleeping          |     2 |     1 ||     3
  Eat: Chunk             |     2 |     4 ||     6
